BSA
HENDERSONVILLE HITMEN @ SAN FRANCISCO BANDITS
07/01/2026
 
TOP OF THE 1ST
Hendersonville Hitmen batting - Pitching for San Francisco Bandits : RHP Bob Cunningham
Pitching: RHP Bob Cunningham
Batting: RHB Eduardo García 0-0: Ball
1-0: Ball
2-0: Ball
3-0: Base on Balls
Batting: LHB Lorenzo Quintanilla 0-0: Ball
1-0: Ball
2-0: Called Strike
2-1: Called Strike
2-2: Foul Ball, location: 2F
2-2: Foul Ball, location: 2F
2-2: Ball
3-2: Foul Ball, location: 2F
3-2: Base on Balls
Eduardo García to second
Batting: RHB Manolo Román 0-0: Ball
1-0: Foul Ball, location: 2F
1-1: Foul Ball, location: 2F
1-2: SINGLE (Groundball, 6MD)
Eduardo García to third
Lorenzo Quintanilla to second
Batting: LHB Tony Abete 0-0: Called Strike
0-1: Ball
1-1: Ball
2-1: Ball
3-1: Base on Balls
Eduardo García scores
Lorenzo Quintanilla to third
Manolo Román to second
Batting: RHB Robert Buckley 0-0: Called Strike
0-1: Called Strike
0-2: Ball
1-2: Ball
2-2: Ball
3-2: Fly out, F8 (Flyball, 8RD)
Runner from 3rd tags up, SCORES, no throw
Batting: LHB José Flores 0-0: Fielders Choice at 2nd, 1-6 (Groundball, 15)
Manolo Román to third
Batting: RHB Bill Mark 0-0: Ball
1-0: Foul Ball, location: 2F
1-1: Ball
2-1: Ball
3-1: SINGLE (Line Drive, 8LS)
Manolo Román scores
José Flores to second
Batting: RHB Taylor McFarland 0-0: Called Strike
0-1: DOUBLE (Flyball, 78D)
José Flores scores
Bill Mark to third
Batting: RHB Robert Bly 0-0: Ball
1-0: Foul Ball, location: 2F
1-1: Ball
2-1: SINGLE (Line Drive, 13)
Bill Mark scores
Taylor McFarland to third
Runner from 3rd tries for Home, SAFE, no throw or cutoff
Batting: RHB Eduardo García 0-0: Ball
1-0: Ball
2-0: Ball
3-0: Base on Balls
Robert Bly to second
Batting: LHB Lorenzo Quintanilla 0-0: Fly out, F7 (Flyball, 7M)
Top of the 1st over - 6 run(s), 4 hit(s), 0 error(s), 2 left on base; Hendersonville 6 - San Francisco 0
BOTTOM OF THE 1ST
San Francisco Bandits batting - Pitching for Hendersonville Hitmen : RHP Won-min Im
Pitching: RHP Won-min Im
Batting: RHB Javier Ramírez 0-0: Foul Ball, location: 2F
0-1: Swinging Strike
0-2: Ground out 6-3 (Groundball, 6)
Batting: LHB Jerry Bryan 0-0: Ball
1-0: Ground out 6-3 (Groundball, 6)
Batting: RHB Jorge Morales 0-0: Foul Ball, location: 2F
0-1: Swinging Strike
0-2: Ball
1-2: Strikes out swinging
Bottom of the 1st over - 0 run(s), 0 hit(s), 0 error(s), 0 left on base; Hendersonville 6 - San Francisco 0
TOP OF THE 2ND
Hendersonville Hitmen batting - Pitching for San Francisco Bandits : RHP Bob Cunningham
Batting: RHB Manolo Román 0-0: Called Strike
0-1: SINGLE (Line Drive, 6D)
Batting: LHB Tony Abete 0-0: Called Strike
0-1: Ball
1-1: Swinging Strike
1-2: Ball
2-2: Ball
3-2: Strikes out swinging
Batting: RHB Robert Buckley 0-0: Ball
1-0: Ball
2-0: Foul Ball, location: 2F
2-1: Ball
3-1: Called Strike
3-2: Grounds into double play, U4-3 (Groundball, 4M)
Top of the 2nd over - 0 run(s), 1 hit(s), 0 error(s), 0 left on base; Hendersonville 6 - San Francisco 0
BOTTOM OF THE 2ND
San Francisco Bandits batting - Pitching for Hendersonville Hitmen : RHP Won-min Im
Batting: RHB Cory Foster 0-0: Called Strike
0-1: SINGLE (Line Drive, 6MD)
Batting: LHB Francisco Calderón 0-0: Ball
1-0: Grounds into double play, 4-6-3 (Groundball, 4M)
Batting: RHB Glenn Melican 0-0: Ground out 6-3 (Groundball, 6)
Bottom of the 2nd over - 0 run(s), 1 hit(s), 0 error(s), 0 left on base; Hendersonville 6 - San Francisco 0
TOP OF THE 3RD
Hendersonville Hitmen batting - Pitching for San Francisco Bandits : RHP Bob Cunningham
Batting: LHB José Flores 0-0: Ground out 4-3 (Groundball, 34)
Batting: RHB Bill Mark 0-0: Ball
1-0: Ball
2-0: Fly out, F8 (Flyball, 8LM)
Batting: RHB Taylor McFarland 0-0: Ball
1-0: Ground out 6-3 (Groundball, 6)
Top of the 3rd over - 0 run(s), 0 hit(s), 0 error(s), 0 left on base; Hendersonville 6 - San Francisco 0
BOTTOM OF THE 3RD
San Francisco Bandits batting - Pitching for Hendersonville Hitmen : RHP Won-min Im
Batting: RHB Emílio Bruno 0-0: Called Strike
0-1: Called Strike
0-2: Ball
1-2: Strikes out swinging
Batting: RHB Bob Orr 0-0: Ball
1-0: Called Strike
1-1: Foul Ball, location: 2F
1-2: Ground out 6-3 (Groundball, 6)
Batting: RHB David Crespo 0-0: Swinging Strike
0-1: Foul Ball, location: 2F
0-2: Strikes out swinging
Bottom of the 3rd over - 0 run(s), 0 hit(s), 0 error(s), 0 left on base; Hendersonville 6 - San Francisco 0
TOP OF THE 4TH
Hendersonville Hitmen batting - Pitching for San Francisco Bandits : RHP Bob Cunningham
Batting: RHB Robert Bly 0-0: Called Strike
0-1: Reached on error, E5 (Groundball, 56)
Batting: RHB Eduardo García 0-0: Foul Ball, location: 2F
0-1: Ball
1-1: Ball
2-1: Foul Ball, location: 2F
2-2: Fly out, F7 (Flyball, 78D)
Batting: LHB Lorenzo Quintanilla 0-0: Ball
1-0: Swinging Strike
1-1: Swinging Strike
1-2: Foul Ball, location: 2F
1-2: Ball
2-2: DOUBLE (Groundball, 3L)
Robert Bly to third
Batting: RHB Manolo Román 0-0: Foul Ball, location: 2F
0-1: Ball
1-1: Ball
2-1: Foul Ball, location: 2F
2-2: Foul Ball, location: 2F
2-2: Fly out, F5 (Popup, 25F)
Batting: LHB Tony Abete 0-0: Called Strike
0-1: Ball
1-1: Ball
2-1: Swinging Strike
2-2: Foul Ball, location: 2F
2-2: Strikes out swinging
Top of the 4th over - 0 run(s), 1 hit(s), 1 error(s), 2 left on base; Hendersonville 6 - San Francisco 0
BOTTOM OF THE 4TH
San Francisco Bandits batting - Pitching for Hendersonville Hitmen : RHP Won-min Im
Batting: RHB Javier Ramírez 0-0: Fly out, F9 (Flyball, 9M)
Batting: LHB Jerry Bryan 0-0: Ball
1-0: Ball
2-0: Swinging Strike
2-1: Foul Ball, location: 2F
2-2: Ball
3-2: Strikes out looking
Batting: RHB Jorge Morales 0-0: Called Strike
0-1: SINGLE (Groundball, 4MD)
Batting: RHB Cory Foster 0-0: Called Strike
0-1: Ball
1-1: Fly out, F9 (Flyball, 9M)
Bottom of the 4th over - 0 run(s), 1 hit(s), 0 error(s), 1 left on base; Hendersonville 6 - San Francisco 0
TOP OF THE 5TH
Hendersonville Hitmen batting - Pitching for San Francisco Bandits : RHP Bob Cunningham
Batting: RHB Robert Buckley 0-0: Ball
1-0: Ball
2-0: Called Strike
2-1: Called Strike
2-2: Fly out, F7 (Flyball, 7D)
Batting: LHB José Flores 0-0: Foul Ball, location: 2F
0-1: SINGLE (Line Drive, 89S)
Batting: RHB Bill Mark 0-0: SINGLE (Groundball, 4)
José Flores to second
José Flores to third
Batting: RHB Taylor McFarland 0-0: Ball
1-0: Called Strike
1-1: Ball
2-1: Fly out, F8 (Flyball, 8RM)
Runner from 3rd tags up, SCORES, throw made
Pitching: RHP Tim Lyons
Batting: RHB Robert Bly 0-0: Called Strike
0-1: Ball
1-1: Ball
2-1: Fielders Choice at 2nd, 6-4 (Groundball, 6)
Top of the 5th over - 1 run(s), 2 hit(s), 0 error(s), 0 left on base; Hendersonville 7 - San Francisco 0
BOTTOM OF THE 5TH
San Francisco Bandits batting - Pitching for Hendersonville Hitmen : RHP Won-min Im
Batting: LHB Francisco Calderón 0-0: Fly out, F7 (Flyball, 7D)
Batting: RHB Glenn Melican 0-0: Swinging Strike
0-1: Ball
1-1: Called Strike
1-2: Strikes out looking
Batting: RHB Emílio Bruno 0-0: Foul Ball, location: 2F
0-1: Ball
1-1: Foul Ball, location: 2F
1-2: Ball
2-2: Ball
3-2: Ground out 5-3 (Groundball, 5)
Bottom of the 5th over - 0 run(s), 0 hit(s), 0 error(s), 0 left on base; Hendersonville 7 - San Francisco 0
TOP OF THE 6TH
Hendersonville Hitmen batting - Pitching for San Francisco Bandits : RHP Tim Lyons
Batting: RHB Eduardo García 0-0: Ball
1-0: Ball
2-0: Ball
3-0: Fly out, F8 (Flyball, 8LXD)
Batting: LHB Lorenzo Quintanilla 0-0: Foul Ball, location: 2F
0-1: Ball
1-1: Ball
2-1: Ground out 4-3 (Groundball, 4M)
Batting: RHB Manolo Román 0-0: SINGLE (Groundball, 6MD)
Batting: LHB Tony Abete 0-0: Swinging Strike
0-1: Ball
1-1: Swinging Strike
1-2: Ball
2-2: Ball
3-2: Strikes out swinging
Top of the 6th over - 0 run(s), 1 hit(s), 0 error(s), 1 left on base; Hendersonville 7 - San Francisco 0
BOTTOM OF THE 6TH
San Francisco Bandits batting - Pitching for Hendersonville Hitmen : RHP Won-min Im
Batting: RHB Bob Orr 0-0: Fly out, F8 (Flyball, 89D)
Batting: RHB David Crespo 0-0: Called Strike
0-1: Fly out, F8 (Flyball, 8LS)
Batting: RHB Javier Ramírez 0-0: Ground out 6-3 (Groundball, 6M)
Bottom of the 6th over - 0 run(s), 0 hit(s), 0 error(s), 0 left on base; Hendersonville 7 - San Francisco 0
TOP OF THE 7TH
Hendersonville Hitmen batting - Pitching for San Francisco Bandits : RHP Tim Lyons
Batting: RHB Robert Buckley 0-0: Ball
1-0: Called Strike
1-1: Ground out 5-3 (Groundball, 56)
Batting: LHB José Flores 0-0: Ball
1-0: Called Strike
1-1: Ball
2-1: Foul Ball, location: 2F
2-2: Foul Ball, location: 2F
2-2: Foul Ball, location: 2F
2-2: Ground out 1-3 (Groundball, 23)
Batting: RHB Bill Mark 0-0: Ball
1-0: Foul Ball, location: 2F
1-1: Swinging Strike
1-2: Ball
2-2: Foul Ball, location: 2F
2-2: Foul Ball, location: 2F
2-2: DOUBLE (Line Drive, 78M)
Batting: RHB Taylor McFarland 0-0: Called Strike
0-1: Called Strike
0-2: Ball
1-2: Ball
2-2: Ball
3-2: Foul Ball, location: 2F
3-2: Ground out 4-3 (Groundball, 4)
Top of the 7th over - 0 run(s), 1 hit(s), 0 error(s), 1 left on base; Hendersonville 7 - San Francisco 0
BOTTOM OF THE 7TH
San Francisco Bandits batting - Pitching for Hendersonville Hitmen : RHP Won-min Im
Batting: LHB Jerry Bryan 0-0: SINGLE (Line Drive, 78S)
Batting: RHB Jorge Morales 0-0: Called Strike
0-1: Foul Ball, location: 2F
0-2: Ball
1-2: Ball
2-2: Foul Ball, location: 2F
2-2: Strikes out swinging
Batting: RHB Cory Foster 0-0: Ball
1-0: Ball
2-0: Ball
3-0: Called Strike
3-1: Fly out, F9 (Flyball, 9S)
Batting: LHB Francisco Calderón 0-0: Foul Ball, location: 2F
0-1: SINGLE (Groundball, 4MD)
Jerry Bryan to second
Batting: RHB Glenn Melican 0-0: Called Strike
0-1: Ground out 5-3 (Groundball, 5)
Bottom of the 7th over - 0 run(s), 2 hit(s), 0 error(s), 2 left on base; Hendersonville 7 - San Francisco 0
TOP OF THE 8TH
Hendersonville Hitmen batting - Pitching for San Francisco Bandits : RHP Tim Lyons
Pitching: LHP Esteban Peña
Batting: RHB Robert Bly 0-0: Called Strike
0-1: Ball
1-1: Called Strike
1-2: Ball
2-2: Ground out 6-3 (Groundball, 6)
Batting: RHB Eduardo García 0-0: Ball
1-0: Ball
2-0: Ball
3-0: Called Strike
3-1: Called Strike
3-2: Fly out, F8 (Flyball, 8RXD)
Batting: LHB Lorenzo Quintanilla 0-0: Ball
1-0: Called Strike
1-1: Ball
2-1: Swinging Strike
2-2: Ball
3-2: Strikes out looking
Top of the 8th over - 0 run(s), 0 hit(s), 0 error(s), 0 left on base; Hendersonville 7 - San Francisco 0
BOTTOM OF THE 8TH
San Francisco Bandits batting - Pitching for Hendersonville Hitmen : RHP Won-min Im
Batting: RHB Emílio Bruno 0-0: Ball
1-0: Ground out U3 (Groundball, 3)
Batting: RHB Bob Orr 0-0: Called Strike
0-1: Swinging Strike
0-2: Strikes out swinging
Batting: RHB David Crespo 0-0: Ball
1-0: Ball
2-0: Ball
3-0: Base on Balls
Batting: RHB Javier Ramírez 0-0: Called Strike
0-1: Ball
1-1: Ball
2-1: Called Strike
2-2: Strikes out looking
Bottom of the 8th over - 0 run(s), 0 hit(s), 0 error(s), 1 left on base; Hendersonville 7 - San Francisco 0
TOP OF THE 9TH
Hendersonville Hitmen batting - Pitching for San Francisco Bandits : LHP Esteban Peña
Batting: RHB Manolo Román 0-0: Ball
1-0: Ball
2-0: Called Strike
2-1: Ball
3-1: SOLO HOME RUN (Flyball, 78XD), Distance : 384 ft
Batting: LHB Tony Abete 0-0: Ball
1-0: Called Strike
1-1: SOLO HOME RUN (Flyball, 9D), Distance : 440 ft
Batting: RHB Robert Buckley 0-0: Ball
1-0: Called Strike
1-1: Ball
2-1: Called Strike
2-2: Ball
3-2: Base on Balls
Batting: LHB José Flores 0-0: Bunted foul
0-1: Bunted foul
0-2: Foul Ball, location: 2F
0-2: Foul Ball, location: 2F
0-2: Fly out, F4 (Popup, 4)
Batting: RHB Bill Mark 0-0: Ball
Robert Buckley steals 2nd base
1-0: Called Strike
1-1: Foul Ball, location: 2F
1-2: Ground out 6-3 (Groundball, 6)
Batting: RHB Taylor McFarland 0-0: Called Strike
0-1: SINGLE (Line Drive, 4M)
Robert Buckley to third
Batting: RHB Robert Bly 0-0: Called Strike
0-1: Swinging Strike
0-2: Ball
1-2: Ball
2-2: Foul Ball, location: 2F
2-2: Foul Ball, location: 2F
2-2: Strikes out swinging
Top of the 9th over - 2 run(s), 3 hit(s), 0 error(s), 2 left on base; Hendersonville 9 - San Francisco 0
BOTTOM OF THE 9TH
San Francisco Bandits batting - Pitching for Hendersonville Hitmen : RHP Won-min Im
Batting: LHB Jerry Bryan 0-0: Called Strike
0-1: Ball
1-1: Foul Ball, location: 2F
1-2: Strikes out looking
Batting: RHB Jorge Morales 0-0: Foul Ball, location: 2F
0-1: Ball
1-1: Ball
2-1: Fly out, F8 (Flyball, 8LXD)
Batting: RHB Cory Foster 0-0: Called Strike
0-1: Ball
1-1: Ball
2-1: Ball
3-1: SOLO HOME RUN (Flyball, 7D), Distance : 360 ft
Batting: LHB Francisco Calderón 0-0: Ball
1-0: SINGLE (Line Drive, 4MD)
Batting: RHB Glenn Melican 0-0: Fly out, F6 (Line Drive, 6M)
Bottom of the 9th over - 1 run(s), 2 hit(s), 0 error(s), 1 left on base; Hendersonville 9 - San Francisco 1
Monday, December 5th, 2016 - OOTP Baseball 17.12 Build 75